 Dungeon Crawl Stone Soup version 0.22.1-1-ga44c0e5 (webtiles) character file.

71 Fuodd the Sneak (level 4, -1/25 HPs)
             Began as a Kobold Enchanter on Oct 23, 2018.
             Slain by a gnoll
             ... wielding a +0 club
              (10 damage)
             ... on level 1 of the Dungeon.
             The game lasted 00:14:14 (2956 turns).

Fuodd the Sneak (Kobold Enchanter)                  Turns: 2956, Time: 00:14:14

Health: -1/25      AC:  2    Str:  5    XL:     4   Next: 47%
Magic:  0/8        EV: 15    Int: 17    God:
Gold:   100        SH:  0    Dex: 15    Spells: 3/9 levels left

rFire    . . .     SeeInvis .   a - +1 dagger
rCold    . . .     Gourm    .   (shield restricted)
rNeg     . . .     Faith    .   b - +0 robe
rPois    .         Spirit   .   (no helmet)
rElec    .         Reflect  .   (no cloak)
rCorr    .         Harm     .   (no gloves)
MR       .....                  (no boots)
Stlth    +++.......             (no amulet)
HPRegen  0.08/turn              (no ring)
MPRegen  0.11/turn              (no ring)

@: very slightly contaminated
A: small, carnivore
a: no special abilities


You were on level 1 of the Dungeon.
You were very full.

You visited 1 branch of the dungeon, and saw 3 of its levels.

You collected 100 gold pieces.

Inventory:

Hand Weapons
 a - a +1 dagger (weapon)
 c - a +0 hunting sling of flaming
Missiles
 p - 27 stones (quivered)
Armour
 b - a +0 robe (worn)
 v - a +0 buckler
Jewellery
 j - an uncursed amulet of the gourmand {unknown}
 u - an uncursed ring of see invisible {unknown}
 w - a +3 ring of protection {unknown}
Scrolls
 e - 2 scrolls of remove curse {unknown}
 f - a scroll of identify {unknown}
 i - 3 scrolls of enchant armour {unknown}
 q - a scroll of fear {unknown}
Potions
 g - a potion of haste {unknown}
 h - 2 potions of brilliance
 k - a potion of flight {unknown}
 l - a potion of degeneration {unknown}
 m - a potion of lignification
 n - a potion of curing {unknown}
 o - a potion of ambrosia {unknown}
 r - a potion of heal wounds {unknown}
 s - a potion of agility {unknown}
Comestibles
 d - 5 rations
 t - 3 chunks of flesh


   Skills:
 + Level 1.1 Fighting
 + Level 1.6 Short Blades
 + Level 2.4 Dodging
 + Level 4.8 Stealth
 + Level 3.0 Spellcasting
 + Level 3.3 Hexes
 + Level 1.2 Ice Magic


You had 3 spell levels left.
You knew the following spells:

 Your Spells              Type           Power        Failure   Level  Hunger
a - Corona                Hex            ##.....      4%          1    None
b - Ensorcelled Hibernat  Hex/Ice        ##....       11%         2    ##.....
c - Confuse               Hex            ##......     13%         3    ###....

Your spell library contained the following spells:

 Spells                   Type           Power        Failure   Level  Hunger
 Tukima's Dance           Hex            ##......     13%         3    ###....
 Dazzling Spray           Conj/Hex       #.....       26%         3    ###....


Dungeon Overview and Level Annotations

Branches:
Dungeon (3/15)

Altars:
Dithmenos


Innate Abilities, Weirdness & Mutations

You are small and have problems with some larger weapons.
You are carnivorous and can eat meat at any time.


Message History

The gnoll is moderately wounded.
The gnoll misses you.
You hit the gnoll.
The gnoll is moderately wounded.
The gnoll barely misses you.
You hit the gnoll.
The gnoll is heavily wounded.
The gnoll hits you but does no damage.
You hit the gnoll.
The gnoll is severely wounded.
You hit the gnoll but do no damage.
The gnoll is severely wounded.
The gnoll completely misses you.
Casting: Ensorcelled Hibernation (safe; 11% risk of failure)
Confirm with . or Enter, or press ? or * to list all spells.
Aiming: Corona (safe; 4% risk of failure)
Press: ? - help, Shift-Dir - straight line, f/p - gnoll
Aim: a gnoll, wielding a club (severely wounded, chance to defeat MR: 58%)
The gnoll struggles to resist.
The gnoll hits you with a club!
You die...

.###..≈≈≈≈≈≈≈≈≈≈≈≈≈≈≈≈≈≈....###
.##..≈≈≈≈≈≈≈≈≈≈≈≈≈≈≈≈≈≈≈≈≈≈...##
.#..≈≈≈≈≈≈≈≈≈≈≈≈≈≈≈≈≈≈≈≈≈≈≈≈≈..##
...≈≈≈≈≈≈≈≈≈≈≈#####≈≈≈≈≈≈≈≈≈≈≈..#
..≈≈≈≈≈≈≈≈≈≈≈##...##≈≈≈≈≈≈≈≈≈≈≈..
...≈≈≈≈≈≈≈≈≈≈#..)..#≈≈≈≈≈≈≈≈≈≈≈≈.
.#.≈≈≈≈≈≈≈≈≈≈#.....#≈≈≈≈≈≈≈≈≈≈≈≈.
.#..≈≈≈≈≈≈≈≈≈#.....#≈≈≈≈≈≈≈≈≈≈≈≈≈
.##.≈≈≈≈≈≈≈≈≈##.@.##≈≈≈≈≈≈≈≈≈≈≈≈≈
.#..≈≈≈≈≈≈≈≈≈≈##g##≈≈≈≈≈≈≈≈≈≈≈≈≈≈
...≈≈≈≈≈≈≈≈≈≈≈≈...≈≈≈≈≈≈≈≈≈≈≈≈≈≈≈
#.≈≈≈≈≈≈≈≈≈≈≈≈≈....≈≈≈≈≈≈#####≈≈≈
#.≈≈≈≈≈≈≈≈≈≈≈≈≈≈...≈≈≈≈≈##...##≈≈
#.≈≈≈≈≈≈≈≈≈≈≈≈≈≈....≈≈≈.#.....#≈≈
..≈≈≈≈≈≈≈≈≈≈≈≈≈≈........'.....#≈≈
.≈≈≈≈≈≈≈≈≈≈≈≈≈≈.........#.....#≈≈
.≈≈≈≈≈#####≈≈........≈≈≈##...##≈≈


You could see a gnoll.

Vanquished Creatures
  2 gnolls (D:2)
  An adder (D:2)
  An ooze (D:2)
  A dart slug (D:1)
  3 leopard geckos
  A ball python (D:1)
  3 goblins
  3 hobgoblins
  4 jackals (D:2)
  A kobold (D:1)
  6 bats
  2 frilled lizards (D:1)
  5 rats
33 creatures vanquished.

Notes
Turn   | Place    | Note
-------+----------+-------------------------------------------
     0 | D:1      | Fuodd the Kobold Enchanter began the quest for the Orb.
     0 | D:1      | Reached XP level 1. HP: 10/10 MP: 3/3
   624 | D:1      | Reached XP level 2. HP: 12/15 MP: 3/5
   635 | D:1      | Learned a level 2 spell: Ensorcelled Hibernation
  1869 | D:2      | Reached XP level 3. HP: 19/19 MP: 4/7
  1901 | D:2      | Learned a level 3 spell: Confuse
  2552 | D:2      | Found a shadowy altar of Dithmenos.
  2847 | D:2      | Reached skill level 1 in Ice Magic
  2847 | D:2      | Reached XP level 4. HP: 24/24 MP: 3/8
  2931 | D:2      | Reached skill level 1 in Fighting
  2956 | D:1      | Slain by a gnoll

Skill      XL: |  1  2  3  4 |
---------------+-------------+-----
Spellcasting   | 3 |  3.0
Ice Magic      | 1 |  1.2
Fighting       | 1 |  1.1
Short Blades   | |  1.6
Dodging        | |  2.4
Stealth        | |  4.8
Hexes          | |  3.3

Action                   |  1- 3 |  4- 6 || total
-------------------------+-------+-------++-------
Melee: Dagger            |    85 |    11 ||    96
 Cast: Corona            |    12 |     1 ||    13
       Ensorcelled Hiber |    21 |     4 ||    25
       Confuse           |     2 |       ||     2
  Use: Potion            |     2 |       ||     2
 Stab: Sleeping          |    19 |     3 ||    22
  Eat: Chunk             |    16 |       ||    16
Armor: Robe              |     7 |     1 ||     8
Dodge: Dodged            |    55 |     6 ||    61
